 Dungeon Crawl Stone Soup version 0.32-a0-42-ga30500b4d3 (webtiles) character file.

Game seed: 8546685483679882971

7231 CraigForest the Cleaver (level 10, -10/92 HPs)
             Began as a Minotaur Fighter on Jan 30, 2024.
             Was a Follower of Qazlal.
             Killed from afar by an electric eel (12 damage)
             ... with a bolt of electricity
             ... on level 9 of the Dungeon.
             The game lasted 00:28:47 (7510 turns).

CraigForest the Cleaver (Minotaur Fighter)          Turns: 7510, Time: 00:28:47

Health: -10/92     AC: 10    Str: 25    XL:     10   Next: 88%
Magic:  9/9        EV: 18    Int:  5    God:    Qazlal [*.....]
Gold:   487        SH:  7    Dex: 10    Spells: 9/9 levels left

rFire   + . .        q - +4 war axe
rCold   . . .        c - +0 buckler
rNeg    . . .        A - +0 steam dragon scales
rPois   .            (helmet restricted)
rElec   .            (no cloak)
rCorr   +            v - +2 pair of gloves
SInv    .            (no boots)
Will    .....        j - amulet "Balidd" {rF+ Regen+}
Stlth   +            l - ring of resist corrosion
HPRegen 1.15/turn    y - +5 ring of evasion
MPRegen 0.11/turn

%: no passive effects
@: about to teleport, studying Shields
A: horns 2, retaliatory headbutt
a: Renounce Religion


You were on level 9 of the Dungeon.
You worshipped Qazlal.
Qazlal was aware of your devotion.
You visited 2 branches of the dungeon, and saw 10 of its levels.
You also visited: Sewer.

You collected 487 gold pieces.

Inventory:

Hand Weapons
 a - a +0 war axe
 q - a +4 war axe (weapon)
Missiles
 t - 2 throwing nets (quivered)
Armour
 b - a +0 scale mail
 c - a +0 buckler (worn)
 m - a +0 pair of gloves
 v - a +2 pair of gloves (worn)
 A - +0 steam dragon scales (worn)
Jewellery
 j - the amulet "Balidd" (around neck) {rF+ Regen+}
   (You found it on level 2 of the Dungeon)

   [amulet of regeneration]

   rF+:       It protects you from fire.
   Regen+:    It increases your rate of health regeneration.
 k - the amulet of Hibicloz {Spirit rF+ rN+}
   (You acquired it on level 5 of the Dungeon)

   [amulet of guardian spirit]

   Spirit:    It causes incoming damage to be divided between your reserves of
   health and magic.
   rF+:       It protects you from fire.
   rN+:       It protects you from negative energy.
 l - a ring of resist corrosion (left hand)
 y - a +5 ring of evasion (right hand)
Wands
 d - a wand of polymorph (1)
 o - a wand of charming (4)
 x - a wand of roots (9)
Scrolls
 g - 3 scrolls of revelation
 h - 3 scrolls of teleportation
 w - a scroll of fog {unknown}
Potions
 f - 2 potions of magic
 i - 2 potions of lignification
 n - 2 potions of degeneration
 p - 3 potions of cancellation
 r - a potion of ambrosia {unknown}
 s - a potion of invisibility {unknown}
 u - a potion of enlightenment {unknown}
 z - 3 potions of haste {unknown}


   Skills:
 + Level 9.7 Fighting
 + Level 12.8 Axes
 + Level 10.5 Armour
 + Level 4.9 Dodging
 + Level 7.6 Shields


You had 9 spell levels left.
You didn't know any spells.
Your spell library contained the following spells:

 Spells                   Type           Power      Damage    Failure   Level
 Kiss of Death            Conj/Necr      0%         2d5       52%         1
 Confusing Touch          Hex            0%         N/A       88%         3
 Dazzling Flash           Conj/Hex       0%         N/A       88%         3
 Volatile Blastmotes      Fire/Tloc      0%         2d10      88%         3
 Dispel Undead            Necr           0%         3d6       99%         4
 Starburst                Conj/Fire      0%         6d3       100%        6
 Maxwell's Capacitive Co  Air            0%         ∞         100%        8


Dungeon Overview and Level Annotations

Branches:
Dungeon (9/15)             Temple (1/1) D:7            Lair (0/5) D:8
  Sewer (visited)
    Orc: D:9-12

Altars:
Ashenzari
Cheibriados
Dithmenos
Elyvilon
Fedhas
Gozag
Hepliaklqana
Kikubaaqudgha
Makhleb
Nemelex Xobeh
Okawaru
Qazlal
Ru
Sif Muna
Trog
Uskayaw
Vehumet
Wu Jian
Xom
Yredelemnul
Zin
The Shining One

Annotations:
Temple 2 transporters


Innate Abilities, Weirdness & Mutations

You have a pair of horns on your head.
You reflexively headbutt those who attack you in melee.


Message History

The bolt of electricity hits you. x2
The bolt of electricity hits the electric eel.
The electric eel completely resists.
The bolt of electricity hits the electric eel.
The electric eel completely resists.
The electric eel shoots out a bolt of lightning at you!
The bolt of electricity hits you!
The electric eel shoots out a bolt of lightning at you!
The bolt of electricity hits the electric eel.
The electric eel completely resists.
The bolt of electricity hits you!
* * * LOW HITPOINT WARNING * * *
The bolt of electricity hits you!
* * * LOW HITPOINT WARNING * * *
The bolt of electricity hits the electric eel.
The electric eel completely resists.
Okay, then.
Unknown command.
As you read the scroll of teleportation, it crumbles to dust.
You feel strangely unstable.
The electric eel shoots out a bolt of lightning at you!
The bolt of electricity hits the plant!
The bolt of electricity hits you!
* * * LOW HITPOINT WARNING * * *
You feel better.
The electric eel shoots out a bolt of lightning at you!
The bolt of electricity hits the electric eel.
The electric eel completely resists.
The bolt of electricity hits the plant!
The bolt of electricity hits you.
* * * LOW HITPOINT WARNING * * *
You feel better.
The electric eel shoots out a bolt of lightning at you!
The bolt of electricity hits you!
* * * LOW HITPOINT WARNING * * *
The bolt of electricity misses you.
The bolt of electricity hits the electric eel.
The electric eel completely resists.
The bolt of electricity hits the electric eel.
The electric eel completely resists.
The electric eel shoots out a bolt of lightning at you!
The bolt of electricity hits the plant!
The bolt of electricity hits you!
You die...

. # .......####... ####.
## ............##..... .#
#####.~P~~..~~.....~... .#
≈≈≈≈≈≈≈≈≈~≈~~~~~P.~P≈~. .#
≈≈≈≈≈≈≈≈≈≈≈≈≈~PP~~~≈≈≈≈ ##
#≈S≈SP~~≈≈≈≈≈≈≈≈~~~≈≈≈ #
####~P~°SSP~~~~~.~~≈~≈≈
####......~@~~~.~~...~~SP~
#.........○..............~
+..#..#....#.......##.....
#..#..#....#####...# ##..
######..#..#........#...#
#
.#...#.....'........#...#
.#...#.....###'######...#
.#...#....>#... .....
.#...'.....#... .#+###


You could see 4 electric eels.

Vanquished Creatures
  Pikel (D:6)
  A cyclops (D:7)
  The ghost of CougarLife the Shield-Bearer, a novice GnFi (D:4)
  The ghost of RockinRobin the Trooper, a novice DsCK of Xom (D:4)
  2 hornets (D:8)
  Prince Ribbit (D:5)
  Grinder (D:5)
  6 yaks (D:9)
  2 basilisks (D:8)
  The ghost of RockinRobin the Trooper, an amateur DsCK of Xom (D:4)
  A steam dragon (D:8)
  Edmund (D:4)
  4 water moccasins
  Pargi (Sewer)
  2 orc warriors
  3 black bears
  An ice beast (D:3)
  3 wolves (D:8)
  A centaur (D:8)
  2 ogres
  4 lemures (D:6)
  2 bullfrogs
  A brain worm (Sewer)
  2 kobold brigands
  6 scorpions
  7 wights
  A howler monkey (D:6)
  An electric eel (D:9)
  2 hounds
  4 jellies
  6 orc priests
  3 iguanas
  3 orc wizards
  A sleepcap (D:6)
  14 adders
  10 gnolls
  A shadow imp (D:6)
  4 dart slugs
  3 ribbon worms
  11 orcs
  4 ball pythons
  10 endoplasms
  6 giant cockroaches
  2 goblins (D:3)
  11 hobgoblins
  4 jackals (D:1)
  6 quokkas
  10 bats
  2 frilled lizards
  13 kobolds
  4 rats
194 creatures vanquished.

Notes
Turn   | Place    | Note
-------+----------+-------------------------------------------
     0 | D:1      | CraigForest the Minotaur Fighter began the quest for the
                  | Orb.
     0 | D:1      | Reached XP level 1. HP: 19/19 MP: 0/0
   220 | D:1      | Reached XP level 2. HP: 26/27 MP: 1/1
   680 | D:1      | Reached XP level 3. HP: 33/33 MP: 2/2
   895 | D:2      | Reached skill level 3 in Axes
  1016 | D:2      | Identified the amulet "Balidd" {rF+ Regen+}
  1119 | D:2      | Found a basalt altar of Yredelemnul.
  1186 | D:2      | Reached XP level 4. HP: 41/41 MP: 3/3
  1965 | D:3      | Noticed an ice beast
  1972 | D:3      | Killed an ice beast
  1973 | D:3      | Reached skill level 4 in Axes
  1973 | D:3      | Reached skill level 5 in Armour
  1973 | D:3      | Reached skill level 1 in Dodging
  1973 | D:3      | Reached XP level 5. HP: 28/47 MP: 4/4
  2553 | D:3      | Found a glowing drain.
  2566 | Sewer    | Entered a sewer
  2586 | Sewer    | Reached skill level 5 in Axes
  2586 | Sewer    | Reached XP level 6. HP: 28/53 MP: 5/5
  2646 | Sewer    | Noticed Pargi
  2653 | Sewer    | Killed Pargi
  2815 | D:3      | Reached XP level 7. HP: 54/60 MP: 6/6
  2929 | D:4      | Noticed Edmund
  2937 | D:4      | Killed Edmund
  2938 | D:4      | Reached skill level 5 in Fighting
  2938 | D:4      | Reached skill level 6 in Axes
  3010 | D:4      | Reached skill level 7 in Axes
  3137 | D:4      | Reached XP level 8. HP: 44/70 MP: 7/7
  3164 | D:4      | Found a snail-covered altar of Cheibriados.
  3241 | D:4      | Found a runed translucent gate.
  3243 | D:4      | Found a runed translucent gate.
  3243 | D:4      | Found a runed translucent gate.
  3246 | D:4      | Noticed RockinRobin's ghost (novice DsCK)
  3246 | D:4      | Noticed RockinRobin's ghost (amateur DsCK)
  3246 | D:4      | Noticed CougarLife's ghost (novice GnFi)
  3357 | D:4      | Reached skill level 5 in Shields
  3670 | D:4      | Killed RockinRobin's ghost
  3671 | D:4      | Reached skill level 8 in Axes
  3682 | D:4      | Killed CougarLife's ghost
  3683 | D:4      | Reached skill level 9 in Axes
  3686 | D:4      | Killed RockinRobin's ghost
  3762 | D:5      | Entered Level 5 of the Dungeon
  3783 | D:5      | Noticed Grinder
  3799 | D:5      | Paralysed by Grinder for 2 turns
  3801 | D:5      | Killed Grinder
  3802 | D:5      | Reached XP level 9. HP: 18/78 MP: 8/8
  3804 | D:5      | Identified a scroll of acquirement
  3804 | D:5      | Acquired the amulet of Hibicloz {Spirit rF+ rN+}
  3810 | D:5      | Noticed Prince Ribbit
  3842 | D:5      | Killed Prince Ribbit
  3926 | D:5      | Reached skill level 10 in Axes
  4310 | D:5      | Found a hazy altar of Hepliaklqana.
  4606 | D:6      | Noticed Pikel
  4622 | D:6      | Killed Pikel
  4623 | D:6      | Reached skill level 11 in Axes
  5024 | D:6      | Identified the +1 chain mail "Vorarch" {Rampage ^Drain
                  | rCorr Int+3}
  5479 | D:7      | Found a staircase to the Ecumenical Temple.
  5491 | Temple   | Found a transporter.
  5491 | Temple   | Found a transporter.
  5491 | Temple   | Found a transporter.
  5491 | Temple   | Found a transporter.
  5491 | Temple   | Entered the Ecumenical Temple
  5507 | Temple   | Became a worshipper of Qazlal Stormbringer
  5735 | D:7      | Reached XP level 10. HP: 82/88 MP: 9/9
  5824 | D:7      | Noticed a cyclops
  5835 | D:7      | Killed a cyclops
  6358 | D:8      | Found a staircase to the Lair.
  6391 | D:8      | Reached skill level 12 in Axes
  6399 | D:8      | Reached * piety under Qazlal
  6402 | D:8      | Reached skill level 10 in Armour
  6606 | D:8      | Paralysed by a hornet for 1 turns
  7244 | D:9      | Found an ornate altar of the Wu Jian Council.
  7508 | D:9      | HP: 2/92 [electric eel/bolt of electricity (10)]
  7510 | D:9      | Killed from afar by an electric eel

Illustrated notes

Levels and vault maps discovered:
D:1:      minmay_arrival_doors, layout_basic, minmay_tree_intersection
D:2:      minmay_diamond_boxcup, layout_loops_ring, basic_altar,
          minmay_tromino_mix6
D:3:      layout_basic, portal_sewer_entry_f
D:4:      layout_loops_ring, kennysheep_little_box, gammafunk_ghost_cemetery,
          uniq_edmund
D:5:      layout_loops_ring, lemuel_tele_altar,
          serial_library_hellmonk_small_corner, uniq_grinder,
          uniq_prince_ribbit1
D:6:      layout_loops_ring, dk_noncrumbling_3, uniq_pikel
D:7:      layout_basic, minmay_temple_entry_nine_rooms, minmay_manual_moon
D:8:      layout_basic, minmay_lair_entry_grove, kennysheep_potato
D:9:      layout_stronghold, pdpol_wu_jian_five_deadly_venoms,
          ploomutoo_gammafunk_ghost_potion_laboratory, chequers_big_river
Temple:   hellmonk_temple_divided_pantheon

Skill      XL: |  1  2  3  4  5  6  7  8  9 10 |
---------------+-------------------------------+-----
Armour         | 4 5 6 8 9 10 | 10.5
Fighting       | 4 5 6 8 9 |  9.7
Shields        | 4 5 6 7 |  7.6
Axes           | 3 4 5 7 9 11 12 | 12.8
Dodging        | 1 2 3 4 |  4.9

Action                     |  1- 3 |  4- 6 |  7- 9 | 10-12 || total
---------------------------+-------+-------+-------+-------++-------
  Melee: War axe           |    92 |   122 |   208 |   106 ||   528
         Headbutt          |    12 |    14 |    38 |    21 ||    85
    Use: Scroll            |     3 |     1 |     8 |     2 ||    14
         Potion            |       |       |     4 |     4 ||     8
 Armour: Scale mail        |    76 |    99 |   128 |   100 ||   403
         Steam dragon scal |       |       |       |    47 ||    47
  Dodge: Dodged            |    48 |    77 |    72 |    67 ||   264
  Block: Buckler           |    18 |    27 |    44 |    24 ||   113

Table legend: (Time is in decaauts)
 A = Elapsed time spent in this place.
 B = Non-inter-level travel time spent in this place.
 C = Inter-level travel time spent in this place.
 D = Time resting spent in this place.
 E = Time spent auto-exploring this place.
 F = Levels seen in this place.
 G = Mean time per level.
                   A        B        C        D        E       F      G
               +--------+--------+--------+--------+--------+-----+--------+
         Total |   7621 |   7296 |    325 |      0 |   5222 |  11 |  692.8 |
       Dungeon |   7356 |   7031 |    325 |      0 |   5106 |   9 |  817.3 |
        Temple |     38 |     38 |      0 |      0 |      0 |   1 |   38.0 |
         Sewer |    225 |    225 |      0 |      0 |    115 |   1 |  225.0 |
               +--------+--------+--------+--------+--------+-----+--------+

Top non-repeatable levels by time:
     D:2: 1053 daAuts
     D:8: 925 daAuts
     D:7: 914 daAuts
     D:4: 876 daAuts
     D:1: 862 daAuts
     D:3: 861 daAuts
     D:6: 860 daAuts
     D:5: 729 daAuts
     D:9: 273 daAuts
   Sewer: 225 daAuts
  Temple: 38 daAuts
